 Dungeon Crawl Stone Soup version 0.28-a0-793-g31680bbd8b (webtiles) character file.

Game seed: 8978556020216973594

87553 flotson the Fighter (level 15, -6/123 HPs)
             Began as a Demonspawn Delver on Nov 3, 2021.
             Was an Initiate of Gozag.
             Mangled by a white very ugly thing (73 damage)
             ... on level 14 of the Dungeon on Nov 4, 2021.
             The game lasted 01:08:05 (35430 turns).

flotson the Fighter (Demonspawn Delver)            Turns: 35430, Time: 01:08:06

Health: -6/123     AC: 22    Str: 22    XL:     15   Next: 44%
Magic:  21/21      EV: 26    Int: 12    God:    Gozag
Gold:   7168       SH:  6    Dex: 24    Spells: 19/22 levels left

rFire   . . .      SeeInvis .   b - +3 hand crossbow (freeze)
rCold   x . .      Faith    .   U - +0 buckler
rNeg    . . .      Spirit   .   A - +5 robe "Meastrud" {rPois rC- Str+4 Dex+9 Slay+3}
rPois   +          Reflect  .   I - +1 hat
rElec   .          Harm     .   (no cloak)
rCorr   .          Rampage  .   H - +2 pair of gloves {Stlth+}
Will    +....                   W - +0 pair of boots
Stlth   ++++......              (no amulet)
HPRegen 0.30/turn               X - +4 ring of protection
MPRegen 0.17/turn               P - +4 ring of protection

@: mighty, studying Crossbows, repel missiles
A: horns 2, repulsion field 3, powered by pain 2, spiny 1
a: Renounce Religion, Potion Petition, Call Merchant, Bribe Branch


You were on level 14 of the Dungeon.
You worshipped Gozag.
Gozag was greatly pleased with you.
You visited 3 branches of the dungeon, and saw 21 of its levels.
You also visited: Volcano.

You collected 7199 gold pieces.
You paid 31 gold pieces to Gozag.

Inventory:

Hand Weapons
 a - a +1 demon trident of electrocution
 b - a +3 hand crossbow of freezing (weapon)
 c - a +0 broad axe
 d - a +0 vampiric trident
Missiles
 n - 2 boomerangs of dispersal
 p - 4 atropa-tipped darts
 q - 3 curare-tipped darts
 B - 5 throwing nets
 M - 6 datura-tipped darts
 Q - 170 bolts (quivered ammo)
Armour
 A - the +5 robe "Meastrud" (worn) {rPois rC- Str+4 Dex+9 Slay+3}
   (You found it on level 6 of the Dungeon)

   Str:       It affects your strength (+4).
   Dex:       It affects your dexterity (+9).
   Slay:      It affects your accuracy & damage with ranged weapons and melee
   (+3).
   rC:        It makes you vulnerable to cold.
   rPois:     It protects you from poison.
 H - a +2 pair of gloves of stealth (worn)
 I - a +1 hat (worn)
 U - a +0 buckler (worn)
 W - a +0 pair of boots (worn)
Jewellery
 e - a ring of protection from fire
 y - a ring of see invisible
 P - a +4 ring of protection (right hand)
 X - a +4 ring of protection (left hand)
Wands
 g - a wand of digging (5)
 j - a wand of acid (13)
 s - a wand of paralysis (2)
 u - a wand of charming (27)
 G - a wand of flame (38)
 S - a wand of mindburst (2)
 Y - a wand of iceblast (9)
Scrolls
 i - 2 scrolls of torment
 k - 2 scrolls of fog
 l - a scroll of fear
 m - 2 scrolls of immolation
 t - 2 scrolls of vulnerability
 v - 2 scrolls of silence
 w - a scroll of acquirement
 x - 4 scrolls of enchant armour
 C - 5 scrolls of teleportation
 E - a scroll of brand weapon {unknown}
 F - a scroll of amnesia {unknown}
 J - a scroll of summoning {unknown}
 L - 2 scrolls of blinking
Potions
 f - 2 potions of cancellation
 h - a potion of curing
 o - 8 potions of might
 r - 6 potions of flight
 z - 4 potions of attraction
 N - 3 potions of lignification
 O - 2 potions of berserk rage
 R - a potion of haste
 T - 3 potions of heal wounds
 V - 2 potions of ambrosia
Miscellaneous
 D - a tin of tremorstones (2/2)
 K - a lightning rod (4/4)
 Z - a phial of floods


   Skills:
 + Level 13.1 Fighting
 - Level 5.0(6.3) Axes
 + Level 5.8(6.7) Polearms
 - Level 10.0 Crossbows
 - Level 4.3 Throwing
 + Level 11.7 Armour
 + Level 11.9 Dodging
 - Level 4.5 Stealth
 - Level 4.0 Shields
 - Level 4.4 Spellcasting
 - Level 5.1 Summonings
 - Level 10.0 Evocations


You had 19 spell levels left.
You knew the following spells:

 Your Spells              Type           Power      Damage    Failure   Level
a - Call Canine Familiar  Summ           14%        N/A       8%          3

Your spell library contained the following spells:

 Spells                   Type           Power      Damage    Failure   Level
 Sandblast                Erth           4%         2d4       22%         1
 Slow                     Hex            8%         N/A       22%         1
 Sting                    Tmut/Pois      8%         1d3       22%         1
 Corpse Rot               Necr/Air       4%         N/A       32%         2
 Passwall                 Tmut/Erth      1%         N/A       32%         2
 Poisonous Vapours        Pois/Air       4%         N/A       32%         2
 Confusing Touch          Hex            2%         N/A       54%         3
 Portal Projectile        Hex/Tloc       4%         N/A       54%         3
 Stone Arrow              Conj/Erth      4%         3d7       54%         3
 Vampiric Draining        Necr           2%         2d6       54%         3
 Animate Armour           Summ/Erth      16%        N/A       58%         4
 Summon Lightning Spire   Summ/Air       8%         N/A       58%         4
 Dispel Undead            Necr           2%         3d7       91%         4
 Flame Wave               Conj/Fire      2%         3d3       91%         4
 Leda's Liquefaction      Hex/Erth       1%         N/A       91%         4
 Olgreb's Toxic Radiance  Pois           2%         N/A       91%         4
 Agony                    Necr           2%         N/A       99%         5
 Freezing Cloud           Conj/Ice/Air   1%         6-21      99%         5
 Death Channel            Necr           1%         N/A       100%        6
 Simulacrum               Ice/Necr       1%         N/A       100%        6
 Malign Gateway           Summ/Tloc      4%         N/A       100%        7
 Storm Form               Tmut/Air       1%         N/A       100%        7
 Lehudib's Crystal Spear  Conj/Erth      1%         10d2      100%        8
 Maxwell's Capacitive Co  Air            1%         ∞         100%        8
 Summon Horrible Things   Summ           7%         N/A       100%        8
 Polar Vortex             Ice            1%         N/A       100%        9


Dungeon Overview and Level Annotations

Branches:
Dungeon (14/15)            Temple (1/1) D:5            Lair (6/6) D:9
  Swamp (0/4) Lair:4        Snake (0/4) Lair:4        Slime (0/5) Lair:6
    Orc (0/2) D:9          Vaults (0/5) D:13        Volcano (visited)

Altars:
Ashenzari
Cheibriados
Dithmenos
Elyvilon
Fedhas
Gozag
Hepliaklqana
Kikubaaqudgha
Makhleb
Nemelex Xobeh
Okawaru
Qazlal
Ru
Sif Muna
Uskayaw
Wu Jian
Xom
Yredelemnul
Zin
The Shining One
Jiyva

Shops:
D:8 *

Portals:
Hell: Lair:6

Annotations:
D:7 2 transporters, exclusion: oklob plant, OstrichLN's ghost, novice MiFi
Lair:2 Japrukh's ghost, journeyman DDEE; Reubyar's ghost, journeyman MiBe; lunkers's ghost, journeyman DjCA
Lair:3 exclusion: ice statue


Innate Abilities, Weirdness & Mutations

You have a pair of horns on your head.
You are surrounded by a strong repulsion field. (EV +4, RMsl)
You sometimes gain power by taking damage.
You are partially covered in sharp spines.


Message History

The bolt hits the white very ugly thing!!
The bolt freezes the white very ugly thing.
The white very ugly thing is lightly wounded.
You hear a horrible gurgling sound!
You shoot a bolt.
The bolt hits the white very ugly thing.
The white very ugly thing is lightly wounded.
You shoot a bolt.
The bolt hits the white very ugly thing but does no damage.
The white very ugly thing is lightly wounded.
A white ugly thing comes into view.
You shoot a bolt. The white ugly thing gurgles horribly!
The bolt hits the white very ugly thing!!
The bolt freezes the white very ugly thing.
The white very ugly thing is moderately wounded.
You shoot a bolt.
The bolt hits the white very ugly thing.
The white very ugly thing is heavily wounded.
You shoot a bolt.
The bolt hits the white very ugly thing.
The white very ugly thing is heavily wounded.
The white very ugly thing tentacle-slaps you!
You focus on the pain.
You feel very mighty all of a sudden.
The white very ugly thing freezes you!!!
You feel a terrible chill!
You focus on the pain.
You feel mightier all of a sudden.
Unknown command.
The white very ugly thing misses you.
The white ugly thing basks in the mutagenic energy from its kin and changes!
The white ugly thing basks in the mutagenic energy from its kin and changes!
The purple ugly thing basks in the mutagenic energy from its kin and changes!
There is a stone staircase leading up, spattered with blood here.
The white very ugly thing tentacle-slaps you.
The white very ugly thing freezes you!!!!
You feel a terrible chill!
Ouch! That really hurt!
You die...
Your body crumbles into a pile of gold.

#....'.............#
#....#....)........#
#....#.............#
#...##..)........>.#
#####.)).....#######
#..).....#
#!.......#
#........#
#@.......#
###u.......#
#......#####
#...u..# #...u..#
#.....≈≈≈ #....u.#
#.....≈≈≈ #......#
#....≈≈≈. #......#
#....≈≈≈. #......#
#....≈≈≈4


You could see a white very ugly thing and 3 ugly things.

Vanquished Creatures
  A dire elephant (Lair:6)
  The ghost of Pomiudiv the Summoner, a journeyman TeSu of Ashenzari (Lair:6)
  The ghost of Zeihuf the Spear-Bearer, a journeyman TrBe of Trog (Lair:2)
  Harold (D:8)
  An ice dragon (Lair:3)
  8 hydras
  An ogre mage (D:13)
  2 centaur warriors
  4 boulder beetles
  6 two-headed ogres
  12 death yaks
  A sun demon (Volcano)
  A hell knight (Volcano)
  A sixfirhy (Lair:6)
  A fire crab (Lair:5)
  6 skeletal warriors
  A wizard (Lair:6)
  A lindwurm (Lair:4)
  A deep elf pyromancer (D:13)
  A manticore (D:12)
  An orc knight (D:13)
  5 cyclopes
  3 ugly things
  4 black mambas
  5 centaur zombies
  2 molten gargoyles (Volcano)
  2 torpor snails (Lair:4)
  15 elephants
  Joseph (D:7)
  2 orange demons (Lair:6)
  7 rime drakes
  10 cane toads
  An unseen horror (D:10)
  16 komodo dragons
  4 kobold demonologists
  An efreet (D:11)
  5 yaktaurs (D:13)
  An ice devil (Lair:6)
  A hellwing (Lair:6)
  3 red devils
  A wandering mushroom (Lair:1)
  6 meliai (Lair:4)
  5 polar bears
  A queen bee (Lair:4)
  6 trolls
  8 slime creatures
  Grinder (D:6)
  14 blink frogs
  A blink frog (shapeshifter) (D:13)
  6 dream sheep (Lair:4)
  3 shadows
  A wraith (D:13)
  8 wyverns
  47 yaks
  Eustachio (D:6)
  9 basilisks
  Grum (D:10)
  A steam dragon (D:4)
  11 vampire mosquitoes
  Menkaure (D:4)
  22 water moccasins
  An acid dragon (D:13)
  5 hell hounds
  3 orc warriors
  8 ice beasts (Lair:3)
  A necrophage (D:5)
  4 ogres
  10 centaurs
  13 wolves
  4 bullfrogs
  5 kobold brigands
  A wyvern zombie (D:6)
  A scorpion (D:6)
  A ballistomycete (Lair:1)
  A water moccasin skeleton (D:5)
  41 killer bees
  5 wights (D:8)
  2 howler monkeys
  2 lava snakes (Volcano)
  3 hounds
  4 orc priests
  A bullfrog skeleton (D:6)
  2 centaur skeletons (D:7)
  A gnoll shaman (D:8)
  A jelly (D:8)
  An iguana (D:5)
  12 orc wizards
  A killer bee zombie (D:7)
  4 adders
  4 gnolls (D:8)
  2 shadow imps
  A white imp (Lair:3)
  An ufetubus (D:5)
  2 worms
  15 dart slugs
  17 orcs
  6 endoplasms
  7 giant cockroaches
  9 goblins
  11 hobgoblins
  4 jackals
  6 quokkas
  5 ball pythons
  6 bats
  2 frilled lizards
  23 kobolds
  3 rats (D:1)
  A spectral goblin (D:3)
  3 ballistomycete spores (Lair:1)
561 creatures vanquished.

Vanquished Creatures (collateral kills)
  An ugly thing (Volcano)
  A red devil (Volcano)
  A dream sheep (Lair:6)
  2 yaks (Lair:6)
5 creatures vanquished.

Vanquished Creatures (others)
  An eldritch tentacle (Lair:6)
  A dancing weapon (Lair:6)
  A jackal (D:4)
  A ballistomycete spore (Lair:1)
  2 bushes (D:9)
  55 fungi
  50 plants
  2 withered plants (D:1)
113 creatures vanquished.

Grand Total: 679 creatures vanquished

Notes
Turn   | Place    | Note
-------+----------+-------------------------------------------
     0 | D:5      | flotson the Demonspawn Delver began the quest for the Orb.
     0 | D:5      | Reached XP level 1. HP: 18/18 MP: 1/1
    30 | D:5      | Found a staircase to the Ecumenical Temple.
    36 | Temple   | Entered the Ecumenical Temple
   121 | Temple   | Became a worshipper of Gozag Ym Sagoz the Greedy
   174 | D:5      | Noticed an iguana
   516 | D:4      | Gained mutation: You are surrounded by a mild repulsion
                  | field. (EV +2) [demonic ancestry]
   516 | D:4      | Reached XP level 2. HP: 17/24 MP: 2/2
   541 | D:4      | Reached skill level 1 in Armour
   652 | D:4      | Noticed Menkaure
   934 | D:4      | Reached XP level 3. HP: 15/29 MP: 3/3
  1184 | D:4      | Found a basalt altar of Yredelemnul.
  1390 | D:4      | Noticed a steam dragon
  1390 | D:4      | Noticed an orc warrior
  2703 | D:1      | Gained mutation: You are surrounded by a moderate repulsion
                  | field. (EV +3) [demonic ancestry]
  2703 | D:1      | Reached XP level 4. HP: 33/37 MP: 4/4
  2922 | D:1      | Found a faded altar of an unknown god.
  4349 | D:3      | Reached skill level 4 in Fighting
  4422 | D:3      | Gained mutation: You have a pair of small horns on your
                  | head. [demonic ancestry]
  4422 | D:3      | Reached XP level 5. HP: 42/42 MP: 5/5
  4881 | D:3      | Found a hazy altar of Hepliaklqana.
  5020 | D:4      | Killed Menkaure
  5021 | D:4      | Reached skill level 1 in Throwing
  5021 | D:4      | Reached skill level 1 in Evocations
  5021 | D:4      | Gained mutation: You sometimes gain a little power by
                  | taking damage. [demonic ancestry]
  5021 | D:4      | Reached XP level 6. HP: 22/49 MP: 6/6
  5232 | D:4      | Killed an orc warrior
  5253 | D:4      | HP: 1/49 [something] (7)]
  6104 | D:4      | Killed a steam dragon
  6105 | D:4      | Reached XP level 7. HP: 55/55 MP: 7/7
  6447 | D:4      | Found a basalt altar of Yredelemnul.
  6938 | D:5      | Reached skill level 5 in Fighting
  8170 | D:6      | Identified the +5 robe "Meastrud" {rPois rC- Str+4 Dex+9
                  | Slay+3}
  8257 | D:6      | Reached XP level 8. HP: 59/63 MP: 8/8
  8338 | D:6      | You fall into a shaft and drop 3 floors!
  8383 | D:8      | Found Rarghue's Changing Room.
  8667 | D:7      | Found a transporter.
  8680 | D:7      | Reached skill level 5 in Dodging
  8702 | D:7      | Noticed an oklob plant
  8703 | D:7      | Noticed a cyclops
  8703 | D:7      | Noticed a white ugly thing
  8706 | D:7      | Found a transporter.
  8707 | D:7      | Noticed an unseen horror
  8714 | D:7      | Noticed OstrichLN's ghost (novice MiFi)
  8843 | D:6      | Noticed Eustachio
  8866 | D:6      | Killed Eustachio
  8867 | D:6      | Reached skill level 6 in Fighting
  9077 | D:6      | Noticed Grinder
  9082 | D:6      | Killed Grinder
  9083 | D:6      | Gained mutation: You are partially covered in sharp spines.
                  | [demonic ancestry]
  9083 | D:6      | Reached XP level 9. HP: 45/69 MP: 9/9
  9452 | D:7      | Noticed Joseph
  9463 | D:7      | Killed Joseph
  9464 | D:7      | Reached skill level 1 in Crossbows
  9464 | D:7      | Reached skill level 5 in Armour
 10891 | D:8      | Reached skill level 5 in Evocations
 11064 | D:8      | Reached skill level 7 in Fighting
 11230 | D:8      | Noticed Harold
 11242 | D:8      | Killed Harold
 11243 | D:8      | Reached XP level 10. HP: 34/79 MP: 10/10
 11790 | D:9      | Reached skill level 5 in Crossbows
 12495 | D:9      | Found a staircase to the Lair.
 12504 | D:9      | Reached skill level 8 in Fighting
 12746 | D:9      | Found a staircase to the Orcish Mines.
 12794 | D:10     | Entered Level 10 of the Dungeon
 12842 | D:10     | Noticed a skeletal warrior
 12842 | D:10     | Noticed a skeletal warrior
 12842 | D:10     | Noticed a skeletal warrior
 12968 | D:10     | Noticed a two-headed ogre
 12975 | D:10     | Killed a two-headed ogre
 13226 | D:10     | Killed a skeletal warrior
 13473 | D:10     | Noticed a skeletal warrior
 13500 | D:10     | Killed a skeletal warrior
 13501 | D:10     | Gained mutation: You have a pair of horns on your head.
                  | [demonic ancestry]
 13501 | D:10     | Reached XP level 11. HP: 24/87 MP: 11/11
 13949 | D:10     | Noticed Grum
 13954 | D:10     | Killed Grum
 14077 | Lair:1   | Entered Level 1 of the Lair of Beasts
 14097 | Lair:1   | Noticed an eight-headed hydra
 14104 | Lair:1   | Killed an eight-headed hydra
 14358 | Lair:1   | Learned a level 3 spell: Call Canine Familiar
 14404 | Lair:1   | Noticed an oklob plant
 14404 | Lair:1   | Noticed an oklob plant
 14606 | Lair:1   | Noticed a seven-headed hydra
 14623 | Lair:1   | Killed a seven-headed hydra
 14624 | Lair:1   | Reached skill level 9 in Fighting
 14624 | Lair:1   | Reached skill level 1 in Summonings
 14880 | Lair:1   | Reached skill level 1 in Spellcasting
 15985 | Lair:2   | Found a runed translucent gate.
 15985 | Lair:2   | Found a runed translucent gate.
 15985 | Lair:2   | Found a runed translucent gate.
 15987 | Lair:2   | Noticed lunkers's ghost (journeyman DjCA)
 15987 | Lair:2   | Noticed Reubyar's ghost (journeyman MiBe)
 15988 | Lair:2   | Noticed Zeihuf's ghost (journeyman TrBe)
 15990 | Lair:2   | Noticed Japrukh's ghost (journeyman DDEE)
 16766 | Lair:2   | Reached XP level 12. HP: 82/96 MP: 16/16
 17385 | Lair:2   | You fall into a shaft and drop 1 floor!
 18586 | Lair:3   | Noticed an ice dragon
 19274 | Lair:3   | Reached skill level 10 in Fighting
 19401 | Lair:3   | Killed an ice dragon
 19402 | Lair:3   | Reached skill level 10 in Crossbows
 19835 | Lair:4   | Noticed a death yak
 19869 | Lair:4   | Found a dark tunnel.
 20109 | Volcano  | Entered a volcano
 21011 | Volcano  | Found a radiant altar of Vehumet.
 21052 | Volcano  | Reached skill level 5 in Summonings
 21512 | Lair:4   | Noticed a boulder beetle
 21517 | Lair:4   | Noticed a death yak
 21571 | Lair:4   | Found a staircase to the Snake Pit.
 21575 | Lair:4   | Noticed a death yak
 21583 | Lair:3   | Killed a death yak
 21638 | Lair:3   | Killed a death yak
 21843 | Lair:4   | Noticed a death yak
 21851 | Lair:3   | Reached skill level 1 in Polearms
 21887 | Lair:2   | Killed a death yak
 22245 | Lair:4   | Killed a boulder beetle
 22246 | Lair:4   | Gained mutation: You are surrounded by a strong repulsion
                  | field. (EV +4, RMsl) [demonic ancestry]
 22246 | Lair:4   | Reached XP level 13. HP: 83/104 MP: 19/19
 23914 | Lair:4   | Found a staircase to the Swamp.
 23974 | Lair:4   | Reached skill level 11 in Fighting
 24175 | Lair:4   | Reached skill level 10 in Dodging
 24849 | Lair:3   | HP: 5/106 [meliai/divine providence (14)]
 25414 | Lair:4   | Reached skill level 10 in Armour
 26528 | Lair:5   | Gained mutation: You sometimes gain power by taking damage.
                  | [demonic ancestry]
 26528 | Lair:5   | Reached XP level 14. HP: 58/113 MP: 20/20
 28180 | Lair:6   | Entered Level 6 of the Lair of Beasts
 28373 | Lair:6   | Found a runed translucent door.
 28374 | Lair:6   | Found a shimmering altar of Xom.
 28374 | Lair:6   | Noticed Pomiudiv's ghost (journeyman TeSu)
 28418 | Lair:6   | Found a viscous altar of Jiyva.
 28419 | Lair:6   | Found a staircase to the Slime Pits.
 28998 | Lair:6   | Reached skill level 1 in Shields
 29171 | Lair:6   | Reached skill level 12 in Fighting
 29394 | Lair:6   | Found a burning altar of Makhleb.
 29477 | Lair:6   | Reached skill level 10 in Evocations
 29601 | Lair:6   | Reached skill level 5 in Axes
 29826 | Lair:6   | Found a gateway to Hell.
 30545 | Lair:6   | Killed Pomiudiv's ghost
 31235 | Lair:2   | Killed Zeihuf's ghost
 31407 | Lair:1   | Upgraded the game from 0.28-a0-779-g3d1f99b579 to
                  | 0.28-a0-793-g31680bbd8b
 32033 | D:11     | Identified 2 scrolls of acquirement
 32034 | D:11     | Acquired a +3 hand crossbow of freezing
 32855 | D:12     | Reached XP level 15. HP: 111/122 MP: 21/21
 34071 | D:13     | Identified the +3 rapier "Eziun" {vorpal, rPois rF+ Int+2}
 34147 | D:13     | Reached skill level 5 in Polearms
 34592 | D:13     | Paralysed by an ogre mage for 2 turns
 34681 | D:13     | Found a gate to the Vaults.
 34804 | D:13     | Reached skill level 13 in Fighting
 35033 | D:13     | Got the Handbook of the Unholy Blaze
 35430 | D:14     | Mangled by a white very ugly thing

Illustrated notes

Levels and vault maps discovered:
D:1:      minmay_arrival_stair_chambers, layout_rooms, serial_aquarium,
          aquarium_bridge_island_small [aquarium_subvault_small_open,
          aquarium_subvault_bridge, aquarium_subvault_wall,
          aquarium_subvault_wall, aquarium_subvault_bridge],
          aquarium_window_fake, aquarium_window_fake, aquarium_window_fake,
          aquarium_window_1, aquarium_view_2c, aquarium_balcony_1b,
          aquarium_pool_five, ebering_ecumenical_altar_petrified, st_stairs_10,
          minmay_pentomino_q4
D:2:      layout_loops_ring
D:3:      kennysheep_slugbush, layout_basic,
          nicolae_hepliaklqana_monster_ancestors
D:4:      layout_loops_ring, mainiacjoe_overflow_alcove_1, minmay_manual_moon,
          uniq_menkaure
D:5:      layout_basic, minmay_temple_entry_hall, serial_glass, glass_columns_a,
          glass_columns_a, glass_columns_b
D:6:      layout_gridville, uniq_grinder, uniq_eustachio
D:7:      layout_basic, nzn_ghost_randoct, minivault_25,
          chequers_serial_rivers_small_b, uniq_joseph
D:8:      layout_basic, nicolae_sextant, nicolae_transmutations_shop,
          uniq_harold
D:9:      layout_basic, minmay_lair_entry_grove, orc_0_dummy
D:10:     layout_stronghold, uniq_grum
D:11:     layout_irregular_city
D:12:     layout_stronghold, drop_trap, minivault_26
D:13:     layout_rooms, hangedman_vaults_entry_quadrant_bands,
          corexii_leaking_fountain
D:14:     dreamdust_isle_of_ice, layout_gridville, uniq_rupert
Temple:   regret_index_temple_chain_breaker
Lair:1:   dpeg_oklob_gauntlet, layout_regular_city
Lair:2:   layout_regular_city, serial_rivers, chequers_serial_rivers_micro_d,
          chequers_serial_rivers_marsh, chequers_serial_rivers_small_a,
          chequers_serial_rivers_small_a, gammafunk_ghost_cemetery
Lair:3:   layout_hall_layers, ice2_lemuel, grunt_megastairs_1
Lair:4:   regret_index_combs_of_tragedy, layout_misc_corridors, swamp_mist,
          nicolae_volcano_entry_vermiform, nzn_sisyphean_effort
Lair:5:   layout_roguey, gauntlet_entry_generic
Lair:6:   evil_forest, layout_regular_city, slime_altar_1, ebering_ghost_xom,
          chequers_serial_rivers_large_b, grunt_forest_small_clearing_treed

Skill      XL: |  1  2  3  4  5  6  7  8  9 10 11 12 13 14 15 |
---------------+----------------------------------------------+-----
Dodging        | 2 3 4 5 6 7 8 9 10 11 | 11.9
Armour         | 1 2 3 4 6 7 8 9 10 11 | 11.7
Fighting       | 4 5 6 7 8 9 10 11 12 13 | 13.1
Throwing       | 1 2 3 4 |  4.3
Evocations     | 1 2 3 4 5 7 9 10 | 10.0
Crossbows      | 4 7 9 10 | 10.0
Summonings     | 3 5 |  5.1
Spellcasting   | 2 4 |  4.4
Polearms       | 1 3 4 5 |  5.8
Axes           | 3 5 |  5.0
Shields        | 3 4 |  4.0
Stealth        | |  4.5

Action                   |  1- 3 |  4- 6 |  7- 9 | 10-12 | 13-15 || total
-------------------------+-------+-------+-------+-------+-------++-------
Melee: Hand axe          |    11 |       |       |       |       ||    11
       Quarterstaff      |    80 |   222 |   174 |   201 |       ||   677
       Headbutt          |       |    18 |    48 |    95 |   265 ||   426
       Trident           |       |       |       |    41 |   532 ||   573
       Demon trident     |       |       |       |       |   274 ||   274
 Fire: Hand crossbow     |       |       |    93 |   304 |   312 ||   709
Throw: Boomerang         |       |       |     1 |     3 |     5 ||     9
       Dart              |       |       |       |     7 |    21 ||    28
 Cast: Call Canine Famil |       |       |       |       |     5 ||     5
Evoke: Wand              |       |     4 |     1 |    32 |    10 ||    47
  Use: Potion            |     1 |     1 |     2 |     4 |     3 ||    11
       Scroll            |       |       |    10 |     4 |    12 ||    26
 Stab: Sleeping          |     6 |     6 |     5 |     5 |    16 ||    38
       Paralysed         |       |    15 |       |     7 |       ||    22
       Distracted        |       |       |     1 |     6 |    18 ||    25
Armor: Leather armour    |     7 |       |       |       |       ||     7
       Ring mail         |    26 |    52 |    34 |       |       ||   112
       Robe              |       |       |    48 |   127 |   178 ||   353
       Chain mail        |       |       |       |     2 |       ||     2
Dodge: Dodged            |    68 |   174 |   265 |   425 |   943 ||  1875
       Repelled          |       |       |       |       |     6 ||     6
Block: Buckler           |       |       |       |       |   128 ||   128

Table legend: (Time is in decaauts)
 A = Elapsed time spent in this place.
 B = Non-inter-level travel time spent in this place.
 C = Inter-level travel time spent in this place.
 D = Time resting spent in this place.
 E = Time spent auto-exploring this place.
 F = Levels seen in this place.
 G = Mean time per level.
                   A        B        C        D        E       F      G
               +--------+--------+--------+--------+--------+-----+--------+
         Total |  35826 |  34126 |   1700 |   3820 |  23779 |  22 | 1628.5 |
       Dungeon |  18141 |  17198 |    943 |    442 |  13637 |  14 | 1295.8 |
        Temple |    106 |     85 |     21 |      0 |     64 |   1 |  106.0 |
          Lair |  16222 |  15487 |    735 |   2744 |   9700 |   6 | 2703.7 |
       Volcano |   1354 |   1354 |      0 |    634 |    378 |   1 | 1354.0 |
               +--------+--------+--------+--------+--------+-----+--------+

Top non-repeatable levels by time:
  Lair:4: 3268 daAuts
  Lair:3: 3154 daAuts
  Lair:6: 2801 daAuts
  Lair:2: 2722 daAuts
     D:4: 2432 daAuts
  Lair:1: 2179 daAuts
  Lair:5: 2097 daAuts
     D:3: 1532 daAuts
     D:9: 1465 daAuts
     D:6: 1428 daAuts
     D:7: 1382 daAuts
     D:5: 1367 daAuts
 Volcano: 1354 daAuts
     D:2: 1291 daAuts
    D:12: 1273 daAuts
